 Dungeon Crawl Stone Soup version 0.19.1-1-g22dce08 (webtiles) character file.

127 Gargoyl the Skirmisher (level 5, -4/44 (46) HPs)
             Began as a Ghoul Abyssal Knight on Jan 16, 2017.
             Was a Follower of Lugonu.
             Slain by Elizilla's ghost (7 damage)
             ... on level 3 of the Dungeon.
             The game lasted 00:04:51 (1883 turns).

Gargoyl the Skirmisher (Ghoul Abyssal Knight)       Turns: 1883, Time: 00:04:51

HP:   -4/44 (46)    AC:  9    Str: 16    XL:     5   Next: 11%
MP:   6/6           EV:  7    Int:  7    God:    Lugonu [*.....]
Gold: 119           SH:  0    Dex:  9    Spells: 0 memorised, 4 levels left

rFire  . . .     SeeInvis .     a - +1 hand axe
rCold  + . .     Gourm    .     e - +0 chain mail
rNeg   + + +     Faith    .     (no shield)
rPois  ∞         Spirit   .     (no helmet)
rElec  .         Reflect  .     (no cloak)
rCorr  .         Harm     .     (no gloves)
MR     .....                    (no boots)
Stlth  ..........               d - amulet of magic regeneration
                                (no ring)
                                (no ring)

@: rotting
A: rotting body, claws 1, carnivore 3, cold resistance 1, negative energy
resistance 3, slow regeneration 1, torment resistance, unbreathing
a: Depart the Abyss, Renounce Religion


You were on level 3 of the Dungeon.
You worshipped Lugonu.
Lugonu was aware of your devotion.
You were not hungry.

You visited 1 branch of the dungeon, and saw 3 of its levels.
You visited the Abyss 1 time.

You collected 119 gold pieces.

Inventory:

Hand Weapons
 a - a +1 hand axe (weapon)
Missiles
 f - 6 tomahawks (quivered)
Armour
 e - a +0 chain mail (worn)
Jewellery
 d - an amulet of magic regeneration (around neck)
Scrolls
 h - 3 scrolls of magic mapping
Potions
 i - a potion of flight
Comestibles
 c - a meat ration
 g - a beef jerky
 j - a slice of pizza


   Skills:
 + Level 3.8 Fighting
 + Level 2.5 Axes
 * Level 3.3 Armour
 + Level 1.1 Dodging
 * Level 2.8 Invocations


You had 4 spell levels left.
You didn't know any spells.

Dungeon Overview and Level Annotations

Branches:
Dungeon (3/15)

Altars:
Okawaru

Annotations:
D:3 Elizilla's ghost, amateur FoFi


Innate Abilities, Weirdness & Mutations

Your body is rotting away.
You thrive on raw meat.
You are immune to poison.
You have sharp fingernails.
You are carnivorous and can eat meat at any time.
Your flesh is cold resistant. (rC+)
You are immune to negative energy. (rN+++)
You regenerate slowly when monsters are visible.
You are immune to unholy pain and torment.
You can survive without breathing.


Message History

The adder is moderately wounded.
You hit the rat.
You kill the rat!
Lugonu accepts your kill.
The adder bites you but does no damage. x2
Unknown command.
You closely miss the adder.
The adder is moderately wounded.
You closely miss Elizilla's ghost. The adder bites you.
* * * LOW HITPOINT WARNING * * *
Elizilla's ghost hits you.
* * * LOW HITPOINT WARNING * * *
Elizilla's ghost hits you but does no damage.
The adder barely misses you.
You miss the adder.
The adder is moderately wounded.
You closely miss Elizilla's ghost. The adder bites you but does no damage.
Elizilla's ghost whispers, "Trust me.
Just give in."
Elizilla's ghost hits you!
You die...

#.#
......#..#####
#.#
####.#_#......
#.#
#...#..#####
#.# #./....#
#.# ..........
####'##
#######.##
#.....# #.#
#.....####.####
#=#
#.....W@S......
#.
#.....###......
#.....# )....
#.....# ....
#.....# ...
#.....# ..
####### #


You could see Elizilla's ghost and an adder.

Vanquished Creatures
  Ijyb (D:2)
  2 gnolls (D:2)
  3 adders (D:2)
  An ooze (D:1)
  A leopard gecko (D:1)
  A ball python (D:3)
  2 bats
  8 goblins
  11 hobgoblins
  9 kobolds
  6 frilled lizards
  8 rats
53 creatures vanquished.

Notes
Turn   | Place    | Note
-------+----------+-------------------------------------------
     0 | Abyss:1  | Gargoyl the Ghoul Abyssal Knight began the quest for the Orb.
     0 | Abyss:1  | Reached XP level 1. HP: 19/19 MP: 1/1
    96 | Abyss:1  | Noticed an iron imp
   119 | Abyss:1  | Noticed a flying skull
   135 | Abyss:1  | Noticed a chaos spawn
   147 | Abyss:1  | Noticed a sixfirhy
   148 | D:1      | Escaped the Abyss
   217 | D:1      | Reached skill level 1 in Dodging
   218 | D:1      | Reached XP level 2. HP: 21/26 MP: 2/2
   438 | D:1      | Reached * piety under Lugonu
   503 | D:1      | Reached XP level 3. HP: 30/31 MP: 3/3
  1273 | D:2      | Reached XP level 4. HP: 39/40 MP: 4/4
  1649 | D:2      | Found an iron altar of Okawaru.
  1775 | D:3      | Noticed Ijyb
  1781 | D:3      | Noticed Elizilla's ghost (amateur FoFi)
  1805 | D:2      | Killed Ijyb
  1805 | D:2      | Reached XP level 5. HP: 28/46 MP: 4/6
  1843 | D:3      | Found a faded altar of an unknown god.
  1883 | D:3      | Slain by Elizilla's ghost

Skill      XL: |  1  2  3  4 |
---------------+-------------+-----
Dodging        | 1 |  1.1
Axes           | 2 |  2.5
Armour         | 2 3 |  3.3
Fighting       | |  3.8
Invocations    | |  2.8

Action                   |  1- 3 |  4- 6 || total
-------------------------+-------+-------++-------
Melee: Hand axe          |   138 |   112 ||   250
Throw: Tomahawk          |     2 |       ||     2
Invok: Depart the Abyss  |     1 |       ||     1
  Use: Potion            |     1 |     1 ||     2
       Scroll            |     2 |     2 ||     4
  Eat: Chunk             |    20 |    13 ||    33
Armor: Chain mail        |   125 |   106 ||   231
       Leather armour    |     1 |       ||     1
Dodge: Dodged            |    50 |    37 ||    87
